 Dungeon Crawl Stone Soup version 0.25.1-2-g60ff931df9 (webtiles) character file.

Game seed: 11189081671547424831

5580 Martska the Fighter (level 10, -12/91 HPs)
             Began as a Minotaur Fighter on Oct 10, 2020.
             Was a Believer of the Shining One.
             Hit by a large rock thrown by a cyclops (18 damage)
             ... on level 9 of the Dungeon.
             The game lasted 00:20:58 (8228 turns).

Martska the Fighter (Minotaur Fighter)              Turns: 8228, Time: 00:20:58

Health: -12/91     AC: 10    Str: 20    XL:     10   Next: 44%
Magic:  13/13      EV: 13    Int:  7    God:    the Shining One [**....]
Gold:   102        SH: 16    Dex: 14    Spells: 9/9 levels left

rFire    . . .     SeeInvis .   C - +4 hand axe (vorpal)
rCold    + . .     Gourm    .   u - +2 kite shield
rNeg     + . .     Faith    .   w - +2 ring mail {rC+}
rPois    .         Spirit   .   (helmet restricted)
rElec    .         Reflect  +   H - +0 cloak
rCorr    .         Harm     .   (no gloves)
MR       .....                  (no boots)
Stlth    +.........             v - amulet of reflection
HPRegen  0.25/turn              i - ring of stealth
MPRegen  0.13/turn              F - ring of wizardry

@: glowing
A: retaliatory headbutt, horns 2, clever 1, high mp 1
a: Divine Shield, Renounce Religion


You were on level 9 of the Dungeon.
You worshipped the Shining One.
The Shining One was pleased with you.
You were not hungry.

You visited 2 branches of the dungeon, and saw 10 of its levels.

You collected 390 gold pieces.
You spent 273 gold pieces at shops.
You donated 15 gold pieces to Zin.

Inventory:

Hand Weapons
 a - a +0 war axe
 t - a +2 trident of flaming
 C - a +4 vorpal hand axe (weapon)
Missiles
 s - 3 boomerangs of dispersal (quivered)
Armour
 b - a +0 scale mail
 u - a +2 kite shield (worn)
 w - a +2 ring mail of cold resistance (worn)
 H - a +0 cloak (worn)
Jewellery
 i - a ring of stealth (left hand)
 k - an uncursed ring of protection from cold
 v - an amulet of reflection (around neck)
 F - a ring of wizardry (right hand)
 I - an uncursed amulet of guardian spirit {unknown}
Wands
 p - a wand of iceblast (15)
 y - a wand of enslavement (3)
Scrolls
 h - a scroll of enchant armour
 m - a scroll of fear
 n - 5 scrolls of teleportation
 o - 2 scrolls of amnesia
 q - 4 scrolls of identify
 x - a scroll of immolation
 E - 2 scrolls of magic mapping {unknown}
 G - a scroll of silence {unknown}
Potions
 c - 3 potions of stabbing
 e - 4 potions of curing
 g - a potion of flight
 j - a potion of brilliance
 l - 3 potions of degeneration
 r - a potion of invisibility
 z - 2 potions of ambrosia {unknown}
 A - 2 potions of heal wounds {unknown}
 B - a potion of cancellation {unknown}
 D - a potion of haste {unknown}
Comestibles
 d - 4 chunks of flesh
 f - 8 rations


   Skills:
 * Level 9.2 Fighting
 * Level 9.0 Axes
 + Level 9.1 Armour
 * Level 7.6 Dodging
 - Level 3.6 Shields
 * Level 4.7 Invocations
 + Level 3.9 Evocations


You had 9 spell levels left.
You didn't know any spells.
Your spell library was empty.

Dungeon Overview and Level Annotations

Branches:
Dungeon (9/15)             Temple (1/1) D:5
   Lair: D:8-11         Orc: D:9-12

Altars:
Ashenzari
Cheibriados
Dithmenos
Elyvilon
Fedhas
Gozag
Hepliaklqana
Kikubaaqudgha
Makhleb
Nemelex Xobeh
Okawaru
Qazlal
Ru
Sif Muna
Trog
Uskayaw
Vehumet
Wu Jian
Yredelemnul
Zin
The Shining One

Shops:
D:4 %   D:6 (   D:8 [}(


Innate Abilities, Weirdness & Mutations

You reflexively headbutt those who attack you in melee.
You have a pair of horns on your head.
Your mind is acute. (Int +2)
You have an increased reservoir of magic. (+10% MP)


Message History

* * * LOW HITPOINT WARNING * * *
Aiming: Enslavement
Press: ? - help, Shift-Dir - straight line, f/p - red ugly thing
Aim: a red ugly thing (moderately wounded, haloed, chance to defeat MR: 39%)
The red ugly thing is charmed.
The orc wizard casts a cantrip, but nothing happens.
The orc hits your red ugly thing with a +0 dagger.
The orc wizard casts a spell at you.
The magic dart hits your red ugly thing.
Your red ugly thing punches the orc!
The orc dies!
Your red ugly thing punches the orc wizard.
The orc wizard is engulfed in flames!!
The orc wizard dies!
You see here a robe.
You see here a robe.
A cyclops comes into view.
The cyclops shouts!
The cyclops throws a large rock.
The large rock hits you!!
You die...

...#oZ#$.#...
#.#.##u$#.#
#..o#.##.. #o#..##.#
#o#.....# #.###C###
# #u#.....#(#
#[#.....#.#
##@..#.#..#
#..#.....##
#..#.....#
#..###.#####
#..#...###.#
###..#.#..##.#.#.#.
.......†#..........#
##..##..#.#.#.#.#.#
#..###÷..#[#.#


You could see a cyclops, an orc warrior, an orc and a friendly red ugly thing
(charmed).

Vanquished Creatures
  Harold (D:7)
  Pikel (D:6)
  An ugly thing (D:9)
  Joseph (D:8)
  Grinder (D:5)
  A wyvern (D:9)
  A hungry ghost (D:8)
  Menkaure (D:5)
  4 orc warriors
  A black bear (D:7)
  5 ogres
  A phantom (D:7)
  2 sky beasts
  2 ice beasts
  A necrophage (D:9)
  2 centaurs
  4 bullfrogs
  3 scorpions
  3 crimson imps
  6 hounds
  A gnoll shaman (D:4)
  9 orc wizards
  5 orc priests
  2 jellies
  A bullfrog skeleton (D:6)
  3 iguanas
  A worker ant (D:4)
  A killer bee zombie (D:6)
  A hound zombie (D:9)
  A hound skeleton (D:4)
  3 gnolls (D:4)
  2 howler monkey skeletons
  5 adders
  3 shadow imps
  An adder zombie (D:8)
  An adder skeleton (D:4)
  A worm (D:4)
  2 dart slugs
  3 leopard geckos
  29 orcs
  3 giant cockroaches
  7 goblins
  7 hobgoblins
  2 jackals (D:5)
  10 kobolds
  2 quokkas (D:2)
  2 bats (D:1)
  6 frilled lizards
  A quokka skeleton (D:7)
  6 rats
163 creatures vanquished.

Vanquished Creatures (collateral kills)
  An orc wizard (D:9)
  An orc (D:9)
2 creatures vanquished.

Grand Total: 165 creatures vanquished

Notes
Turn   | Place    | Note
-------+----------+-------------------------------------------
     0 | D:1      | Martska the Minotaur Fighter began the quest for the Orb.
     0 | D:1      | Reached XP level 1. HP: 19/19 MP: 0/0
   251 | D:1      | Reached XP level 2. HP: 20/27 MP: 1/1
   856 | D:1      | Reached skill level 1 in Dodging
  1338 | D:2      | Reached XP level 3. HP: 33/33 MP: 2/2
  1582 | D:2      | Found a snail-covered altar of Cheibriados.
  2514 | D:3      | Reached XP level 4. HP: 26/41 MP: 3/3
  2811 | D:4      | Reached XP level 5. HP: 47/47 MP: 4/4
  3002 | D:4      | Reached skill level 5 in Fighting
  3002 | D:4      | Reached skill level 5 in Armour
  3050 | D:4      | Found Hotz's Food Shoppe.
  3168 | D:4      | Noticed an ogre
  3176 | D:4      | Killed an ogre
  3176 | D:4      | Reached XP level 6. HP: 56/56 MP: 5/5
  3278 | D:4      | Reached skill level 1 in Evocations
  3720 | D:5      | Entered Level 5 of the Dungeon
  3720 | D:5      | Found a blossoming altar of Fedhas.
  3759 | D:5      | Found a staircase to the Ecumenical Temple.
  3795 | D:5      | Noticed Grinder
  3806 | D:5      | Paralysed by Grinder for 7 turns
  3829 | D:5      | Killed Grinder
  3829 | D:5      | Reached skill level 5 in Axes
  3829 | D:5      | Reached XP level 7. HP: 54/62 MP: 5/7
  3842 | Temple   | Entered the Ecumenical Temple
  3960 | Temple   | Became a worshipper of Zin the Law-Giver
  3960 | Temple   | Reached * piety under Zin
  4488 | D:5      | Found a glowing golden altar of the Shining One.
  4489 | D:5      | Found a burning altar of Makhleb.
  4490 | D:5      | Found a white marble altar of Elyvilon.
  4499 | D:5      | Fell from the grace of Zin
  4499 | D:5      | Became a worshipper of the Shining One
  4660 | D:6      | Noticed Menkaure
  4906 | D:5      | Reached XP level 8. HP: 9/71 MP: 8/8
  5210 | D:5      | Gained mutation: You have an increased reservoir of magic.
                  | (+10% MP) [potion of mutation]
  5210 | D:5      | Gained mutation: Your mind is acute. (Int +2) [potion of
                  | mutation]
  5227 | D:5      | Killed Menkaure
  5408 | D:5      | Reached skill level 5 in Dodging
  5561 | D:6      | Found Anwiggaump's Antique Weapon Emporium.
  5584 | D:6      | Bought a runed hand axe for 138 gold pieces
  5755 | D:6      | Reached * piety under the Shining One
  5939 | D:6      | Reached skill level 1 in Invocations
  6018 | D:6      | Noticed Pikel
  6040 | D:6      | Killed Pikel
  6040 | D:6      | Reached XP level 9. HP: 53/80 MP: 9/11
  7162 | D:7      | Noticed Harold
  7178 | D:7      | Killed Harold
  7517 | D:8      | Noticed Joseph
  7532 | D:8      | Reached ** piety under the Shining One
  7533 | D:8      | Reached XP level 10. HP: 82/90 MP: 13/13
  7544 | D:8      | Killed Joseph
  7828 | D:8      | Found Taypn's Antique Armour Shoppe.
  7829 | D:8      | Found Pupatel's Gadget Emporium.
  7843 | D:8      | Bought a cloak for 135 gold pieces
  8032 | D:8      | Found Empah's Antique Weapon Shop.
  8197 | D:9      | Noticed a white ugly thing
  8202 | D:9      | Noticed a red ugly thing
  8218 | D:9      | Killed a white ugly thing
  8223 | D:9      | HP: 4/91 [red ugly thing (12)]
  8228 | D:9      | Noticed a cyclops
  8228 | D:9      | Hit by a large rock thrown by a cyclops

Illustrated notes

Levels and vault maps discovered:
D:1:      ebering_hopf_link, layout_basic
D:2:      layout_loops_ring, kennysheep_slug_shrine, first_ration
D:3:      minmay_recursive_quarters, layout_rooms, xom_redecorated
D:4:      layout_basic, serial_shops, nicolae_shop_trees
D:5:      layout_loops_ring, fedhas_altar_3,
          chequers_temple_overflow_statue_of_worship,
          minmay_temple_entry_slanted, minmay_misc_feat_encased,
          chequers_hall_statues_corner_a, uniq_grinder
D:6:      layout_layer_cave, serial_shops, nicolae_shop_statue_plus,
          uniq_menkaure, uniq_pikel
D:7:      layout_loops_ring, uniq_harold
D:8:      layout_cave_pools, serial_shops, shop_fountains, kennysheep_mini,
          shop, uniq_joseph
D:9:      minmay_the_grid_square_5x5_4x4 [minmay_the_grid_square_5x5_six,
          minmay_the_grid_square_5x5_spiral, minmay_the_grid_square_5x5_tie,
          minmay_the_grid_square_5x5_hollow_slash, minmay_the_grid_square_5x5_c,
          minmay_the_grid_square_5x5_prize_open,
          minmay_the_grid_square_5x5_prize_waves,
          minmay_the_grid_square_5x5_two_walls_b,
          minmay_the_grid_square_5x5_almost_minimal,
          minmay_the_grid_square_5x5_prize_itemx,
          minmay_the_grid_square_5x5_prize_deathbox,
          minmay_the_grid_square_5x5_minivault,
          minmay_the_grid_square_5x5_shuriken,
          minmay_the_grid_square_5x5_percent, minmay_the_grid_square_5x5_corner,
          minmay_the_grid_square_5x5_tri_point], layout_loops_ring
Temple:   lightli_temple_of_artemis

Skill      XL: |  1  2  3  4  5  6  7  8  9 10 |
---------------+-------------------------------+-----
Dodging        | 1 2 3 4 5 7 |  7.6
Fighting       | 4 5 6 7 8 9 |  9.2
Armour         | 4 5 6 7 8 9 |  9.1
Axes           | 3 4 5 7 8 9 |  9.0
Evocations     | 1 2 3 |  3.9
Invocations    | 2 3 4 |  4.7
Shields        | |  3.6

Action                   |  1- 3 |  4- 6 |  7- 9 | 10-12 || total
-------------------------+-------+-------+-------+-------++-------
Melee: War axe           |    98 |    85 |    97 |       ||   280
       Headbutt          |     8 |    22 |    43 |    21 ||    94
       Hand axe          |       |       |   130 |    78 ||   208
Evoke: Wand              |       |       |       |     2 ||     2
  Use: Scroll            |       |       |    13 |       ||    13
       Potion            |       |       |     2 |     1 ||     3
  Eat: Chunk             |     4 |     4 |    10 |     2 ||    20
       Ration            |       |       |     1 |       ||     1
Armor: Scale mail        |    29 |     6 |       |       ||    35
       Ring mail         |       |    13 |    29 |    11 ||    53
Dodge: Dodged            |    25 |    22 |    63 |    27 ||   137
Block: Kite shield       |    46 |    78 |   178 |    52 ||   354
       Reflection        |       |       |    16 |     2 ||    18
